 Dungeon Crawl Stone Soup version 0.27.1-1-g398f81649c (webtiles) character file.

Game seed: 7949603533207335598

7 Sabo the Skirmisher (level 1, 19/19 HPs)
             Began as a Palentonga Fighter on Sept 5, 2021.
             Was a Follower of Vehumet.
             Got out of the dungeon alive.
             The game lasted 00:02:00 (342 turns).

Sabo the Skirmisher (Palentonga Fighter)             Turns: 342, Time: 00:02:00

Health: 19/19      AC:  6    Str: 19    XL:     1   Next: 91%
Magic:  1/1        EV:  5    Int:  8    God:    Vehumet [*.....]
Gold:   0          SH:  8    Dex:  9    Spells: 0/0 levels left

rFire    . . .     SeeInvis +   a - +0 war axe
rCold    . . .     Faith    .   c - +0 kite shield
rNeg     . . .     Spirit   .   b - +0 scale mail
rPois    .         Reflect  .   (no helmet)
rElec    .         Harm     .   (no cloak)
rCorr    .         Rampage  .   (no gloves)
Will     .....                  (no barding)
Stlth    ..........             (no amulet)
HPRegen  0.06/turn              (no ring)
MPRegen  0.07/turn              (no ring)

@: no status effects
A: large, rugged brown scales 3, see invisible, deformed body, roll 1, armoured
tail
a: Rolling Charge, Renounce Religion


You escaped.
You worshipped Vehumet.
Vehumet was aware of your devotion.
You visited 1 branch of the dungeon, and saw 1 of its levels.

Inventory:

Hand Weapons
 a - a +0 war axe (weapon)
Missiles
 e - 14 poisoned darts
Armour
 b - a +0 scale mail (worn)
 c - a +0 kite shield (worn)
Scrolls
 g - a scroll of amnesia {unknown}
 h - a scroll of immolation {unknown}
Potions
 d - 3 potions of might
 f - a potion of curing {unknown}


   Skills:
 + Level 3.1 Fighting
 + Level 2.1 Axes
 + Level 2.4 Armour
 + Level 2.6 Shields


You couldn't memorise any spells.
You didn't know any spells.
Your spell library was empty.

Dungeon Overview and Level Annotations

Branches:
Dungeon (1/15)

Altars:
Vehumet


Innate Abilities, Weirdness & Mutations

You are completely covered in rugged brown scales. (AC +3, +7% HP)
You have supernaturally acute eyesight. (SInv)
Armour fits poorly on your strangely shaped body.
You can roll at nearby foes to attack.
You have a long armoured tail.


Message History

The ball python bites you.
You slash the ball python!
You kill the ball python!
You block the giant cockroach's attack.
The giant cockroach bites you but does no damage.
You hit the giant cockroach.
The giant cockroach is heavily wounded.
You block the giant cockroach's attack.
You slash the giant cockroach!
You kill the giant cockroach!
You start resting.
HP restored.
Found a scroll labelled YGUAMEPL JYZXIB.
Found a faded altar of an unknown god.
There is a dry fountain here.
h - a scroll labelled YGUAMEPL JYZXIB
There is a faded altar of an unknown god here.
You cannot tell which god this altar belongs to.
Convert to them anyway?
Vehumet accepts your prayer! Vehumet welcomes you!
You can now gain magical power from killing.
Vehumet offers you knowledge of Freeze.
You hit the plant.
The plant begins to die.
The plant is lightly damaged.
You hit the plant.
You tail-slap the plant, but do no damage.
The plant is lightly damaged.
You hit the plant but do no damage. You tail-slap the plant.
The plant is lightly damaged.
A nearby plant withers and dies.
Okay, then.
You don't know any spells.
Unknown command.
Unknown command.
Things that are here:
a jackal skeleton; a jackal skeleton
There is a staircase leading out of the dungeon here.
You can't go down here!
Are you sure you want to leave the Dungeon?
This will make you lose the game!
You have escaped!

##.#.).#####.#######
#.##......#............
#..........###.#######
##.........###.##
#.......#.#.#.#.#
#.##......#.#.#.## .
##.#..#.#.#.#.#
#.##..#.#.#.##
#.#..#[#@#.#..
##.###.....#.#.#.###
#.........#.#.#.#.#
#..#####.#.#.#.#.## ..#
#.###.##### #.# #.# .#
#.# ##.###.### #.#
#......... #.#
#..#######


There were no monsters in sight!

Vanquished Creatures
  A giant cockroach (D:1)
  A goblin (D:1)
  3 jackals (D:1)
  A ball python (D:1)
6 creatures vanquished.

Vanquished Creatures (others)
  A plant (D:1)
1 creature vanquished.

Grand Total: 7 creatures vanquished

Notes
Turn   | Place    | Note
-------+----------+-------------------------------------------
     0 | D:1      | Sabo the Palentonga Fighter began the quest for the Orb.
     0 | D:1      | Reached XP level 1. HP: 19/19 MP: 1/1
   277 | D:1      | Found a faded altar of an unknown god.
   287 | D:1      | Became a worshipper of Vehumet
   287 | D:1      | Reached * piety under Vehumet
   287 | D:1      | Offered knowledge of Freeze by Vehumet.
   342 | D:$      | Got out of the dungeon alive.

Illustrated notes

Levels and vault maps discovered:
D:1:      lightli_arrival_chessboard, layout_loops_ring,
          shapermc_ecumenical_altar_mp_ritualfount

Action                   || total
-------------------------++-------
Melee: War axe           ||    27
       Tailslap          ||     2
 Abil: Rolling Charge    ||     2
Armor: Scale mail        ||    13
Dodge: Dodged            ||     9
Block: Kite shield       ||    10
